 Dungeon Crawl Stone Soup version 0.18-a0-316-gf882de5 (webtiles) character file.

14118 xeno23 the Carver (level 11, -8/89 HPs)
             Began as a Demigod Air Elementalist on Nov 27, 2015.
             Mangled by a slime creature (17 damage)
             ... on level 11 of the Dungeon.
             The game lasted 01:05:49 (10758 turns).

xeno23 the Carver (Demigod Air Elementalist)       Turns: 10758, Time: 01:05:50

Health: -8/89      AC: 10    Str: 17    XL:     11   Next: 55%
Magic:  22/22      EV: 16    Int: 19    God:
Gold:   285        SH:  0    Dex: 16    Spells: 5 memorised, 7 levels left

rFire  . . .     SeeInvis .     F - +3 scimitar (flame)
rCold  . . .     Clarity  .     R - +2 robe {MR+}
rNeg   . . .     SustAt   +     (no shield)
rPois  +         Gourm    .     t - +0 helmet
rElec  .         Spirit   .     C - +1 cloak
rCorr  .         Warding  .     s - +1 pair of gloves
rMut   .         Stasis   .     (no boots)
MR     ++...                    (no amulet)
Stlth  ++........               L - +3 ring of slaying
                                H - ring of poison resistance

@: exhausted, sluggish, very slightly contaminated, slowed, invisible, very
slow, very resistant to hostile enchantments, unstealthy
A: high mp 1, sustain attributes
a: no special abilities


You were on level 11 of the Dungeon.
You were very hungry.

You visited 2 branches of the dungeon, and saw 13 of its levels.

You collected 491 gold pieces.
You spent 206 gold pieces at shops.

Inventory:

Hand Weapons
 e - a +0 flail of protection
 q - a +0 blowgun
 F - a +3 scimitar of flaming (weapon)
Missiles
 T - 34 poisoned needles
Armour
 s - a +1 pair of gloves (worn)
 t - a +0 helmet (worn)
 A - a +2 leather armour of poison resistance
 C - a +1 cloak (worn)
 R - a +2 robe of magic resistance (worn)
Jewellery
 u - an uncursed amulet of resist mutation
 G - an uncursed amulet of warding
 H - a ring of poison resistance (left hand)
 L - a +3 ring of slaying (right hand)
 P - an uncursed ring of invisibility
Wands
 d - a wand of slowing (34)
 I - a wand of digging (8)
 M - a wand of digging (16)
 W - a wand of polymorph (11)
Scrolls
 g - 8 scrolls of magic mapping
 i - a scroll of recharging
 j - 2 scrolls of amnesia
 k - 7 scrolls of remove curse
 m - a scroll of fog
 o - 3 scrolls of enchant armour
 p - a scroll of enchant weapon
 x - 2 scrolls of brand weapon
 B - a scroll of holy word
 D - 3 scrolls of fear
 X - a scroll of silence
Potions
 w - a potion of berserk rage
 J - 6 potions of curing
 N - a potion of haste
 O - 2 potions of agility
 Q - a potion of cancellation
 Z - a potion of magic
Books
 b - a book of Air

   Spells                             Type                      Level
   a - Shock                          Conjuration/Air              1
   b - Swiftness                      Charms/Air                   2
   c - Repel Missiles                 Charms/Air                   2
   d - Static Discharge               Conjuration/Air              3
   e - Lightning Bolt                 Conjuration/Air              5
 z - a book of Burglary

   Spells                             Type                      Level
   a - Swiftness                      Charms/Air                   2
   b - Passwall                       Transmutation/Earth          3
   c - Passage of Golubria            Translocation                4
   d - Lee's Rapid Deconstruction     Earth                        5
   e - Darkness                       Hexes                        6
   f - Invisibility                   Hexes                        6
 Y - a book of Enchantments

   Spells                             Type                      Level
   a - Cause Fear                     Hexes                        4
   b - Yara's Violent Unravelling     Hexes/Transmutation          5
   c - Silence                        Hexes/Air                    5
   d - Deflect Missiles               Charms/Air                   6
   e - Haste                          Charms                       6
   f - Discord                        Hexes                        8
Comestibles
 c - 12 bread rations
 f - 6 meat rations
 h - 10 fruits
 r - 3 slices of pizza
 v - 4 beef jerkies


   Skills:
 + Level 6.1 Fighting
 * Level 8.6 Long Blades
 + Level 6.2 Armour
 + Level 6.7 Dodging
 - Level 1.7 Stealth
 - Level 5.0 Spellcasting
 + Level 6.3 Conjurations
 - Level 2.0 Charms
 + Level 7.4 Air Magic


You had 7 spell levels left.
You knew the following spells:

 Your Spells              Type           Power        Failure   Level  Hunger
a - Shock                 Conj/Air       ####         1%          1    None
b - Swiftness             Chrm/Air       ###.....     2%          2    #......
e - Lightning Bolt        Conj/Air       ####......   21%         5    ######.
q - Static Discharge      Conj/Air       ####....     1%          3    ##.....
r - Repel Missiles        Chrm/Air       ###...       2%          2    #......


Dungeon Overview and Level Annotations

Branches:
Dungeon (12/15)            Temple (1/1) D:4            Lair (0/8) D:10
    Orc: D:9-12

Shops:
D:4 (([(   D:8 %   D:9 ?

Annotations:
D:11 Harold


Innate Abilities, Weirdness & Mutations

You have an increased reservoir of magic (+10% MP).
Your attributes are resistant to harm.


Message History

Things that are here:
a long sword; a scale mail; an elf corpse You feel a strong urge to attack something.
You feel your anger subside.
You are no longer berserk.
You are exhausted.
You feel yourself slow down.
You are feeling very hungry.
You take 3 damage.
You start to feel a little slower.
Drink which item? (? for menu, Esc to quit)
Okay, then.
Evoke which item? (* to show all) (? for menu, Esc to quit)
Okay, then.
Drink which item? (? for menu, Esc to quit)
You fade into invisibility!
You feel sluggish.
You are very lightly contaminated with residual magic.
The slime creature barely misses you. The slime creature barely misses you.
The slime creature hits you!
You die...

### #####.# #####.....#
. .# #.....###.# # #.#
#J#######.# # #.#
#@##...J).# # #.#
#.##.###### # #.#
#.##.# # ####.# #.##.#
####.##.########.##.###
.........)....)...>...#
.....##.####.##..####.#
##.#.#................#
#.#.#######.##.#.##..#


You could see a slime creature.

Vanquished Creatures
  A hydra (D:12)
  Erica (D:8)
  The ghost of bart the Cleaver, a novice FoAr of Gozag (D:10)
  An unseen horror (D:11)
  Pikel (D:8)
  A hill giant (D:11)
  A cyclops (D:11)
  The ghost of xeno23 the Gusty, a novice DgAE (D:6)
  Maurice (D:11)
  A gargoyle (D:11)
  Psyche (D:8)
  2 trolls
  A two-headed ogre (D:11)
  10 yaks
  A wraith (D:9)
  A spriggan (D:7)
  A wyvern (D:11)
  Eustachio (D:6)
  A deep elf mage (D:11)
  A shadow (D:11)
  3 hippogriffs (D:8)
  2 hungry ghosts
  A water moccasin (D:9)
  Edmund (D:6)
  2 slaves (D:8)
  2 black bears (D:9)
  3 necrophages
  4 orc warriors
  3 ice beasts
  2 sky beasts
  8 centaurs
  5 ogres
  An elf zombie (D:9)
  3 big kobolds
  2 giant frogs
  5 wights
  6 centaur zombies
  5 quasits
  3 crimson imps
  3 human zombies (D:9)
  A hound (D:6)
  3 jellies (D:8)
  7 orc priests
  Ijyb (D:2)
  2 human skeletons (D:9)
  8 orc wizards
  2 centaur skeletons
  2 iguanas
  A giant frog skeleton (D:7)
  7 worker ants
  A killer bee zombie (D:8)
  2 hound zombies
  A mummy (D:9)
  Robin (D:3)
  3 gnolls (D:5)
  A worker ant zombie (D:10)
  2 river rats (D:10)
  3 shadow imps
  12 adders
  4 giant geckos
  23 orcs
  7 hobgoblins
  14 kobolds
  4 quokkas
  A ball python skeleton (D:4)
  9 bats
  9 giant cockroaches
  A giant newt (D:7)
  11 goblins
  8 jackals
  3 orc zombies (D:9)
  A quokka skeleton (D:9)
  8 rats
  A fungus (D:10)
  3 plants (D:10)
261 creatures vanquished.

Vanquished Creatures (others)
  A wizard (D:11)
  A slave (D:8)
  3 fungi (D:10)
  A plant (D:1)
6 creatures vanquished.

Grand Total: 267 creatures vanquished

Notes
Turn   | Place    | Note
--------------------------------------------------------------
     0 | D:1      | xeno23 the Demigod Air Elementalist began the quest for the Orb.
     0 | D:1      | Reached XP level 1. HP: 14/14 MP: 5/5
    98 | D:1      | Reached skill level 1 in Conjurations
   522 | D:1      | Reached XP level 2. HP: 20/20 MP: 5/7
  1061 | D:2      | Reached skill level 3 in Air Magic
  1209 | D:2      | Noticed Ijyb
  1233 | D:2      | Killed Ijyb
  1233 | D:2      | Reached XP level 3. HP: 16/26 MP: 0/9
  1927 | D:3      | Noticed Robin
  1935 | D:3      | Reached XP level 4. HP: 33/33 MP: 0/10
  2184 | D:3      | Killed Robin
  2760 | D:4      | Learned a level 2 spell: Swiftness
  2764 | D:4      | Learned a level 3 spell: Static Discharge
  2767 | D:4      | Learned a level 2 spell: Repel Missiles
  2816 | D:4      | Found a blossoming altar of Fedhas.
  2828 | D:4      | Reached XP level 5. HP: 38/38 MP: 4/12
  2832 | D:4      | Reached skill level 1 in Long Blades
  2918 | D:4      | Found Jokarcho's Antique Armour Boutique.
  2921 | D:4      | Bought a cloak for 94 gold pieces
  2999 | D:4      | Noticed an ogre
  3012 | D:4      | Killed an ogre
  3012 | D:4      | Reached skill level 4 in Air Magic
  3012 | D:4      | Reached XP level 6. HP: 46/46 MP: 9/13
  3024 | D:4      | Found Hiabofy's Weapon Boutique.
  3044 | D:4      | Found Enli's Antique Weapon Shop.
  3107 | D:4      | Found a staircase to the Ecumenical Temple.
  3115 | Temple   | Entered the Ecumenical Temple
  3318 | D:4      | Reached skill level 1 in Fighting
  3358 | D:4      | Found Carhow's Weapon Boutique.
  3536 | D:5      | Entered Level 5 of the Dungeon
  3643 | D:5      | Reached skill level 1 in Armour
  4139 | D:5      | Reached XP level 7. HP: 51/53 MP: 11/15
  4213 | D:5      | Found a basalt altar of Yredelemnul.
  4262 | D:6      | Noticed xeno23's ghost (novice DgAE)
  4359 | D:6      | Noticed Eustachio
  4379 | D:6      | Killed Eustachio
  4426 | D:6      | Noticed Edmund
  4465 | D:6      | Killed Edmund
  4600 | D:6      | Killed xeno23's ghost
  4600 | D:6      | Reached XP level 8. HP: 49/62 MP: 0/17
  5139 | D:7      | Found a shimmering altar of Xom.
  5380 | D:7      | Reached skill level 5 in Air Magic
  5719 | D:8      | Reached skill level 5 in Long Blades
  5719 | D:8      | Reached XP level 9. HP: 53/68 MP: 14/19
  6111 | D:8      | Found a radiant altar of Vehumet.
  6130 | D:8      | Found a snail-covered altar of Cheibriados.
  6349 | D:8      | Noticed Psyche
  6356 | D:8      | Reached skill level 5 in Conjurations
  6361 | D:8      | Killed Psyche
  6361 | D:8      | Reached skill level 5 in Spellcasting
  6418 | D:8      | Found Ymyptan's Food Boutique.
  6659 | D:8      | Noticed Pikel
  6789 | D:8      | Killed Pikel
  6789 | D:8      | Reached skill level 6 in Long Blades
  6813 | D:8      | Noticed Erica
  6871 | D:8      | Killed Erica
  6871 | D:8      | Reached skill level 1 in Charms
  6871 | D:8      | Reached XP level 10. HP: 50/78 MP: 4/21
  7413 | D:9      | Reached skill level 5 in Dodging
  7483 | D:9      | Found Nuxoetyrey's Magic Scroll Shoppe.
  7491 | D:9      | Bought a scroll of identify for 28 gold pieces
  7491 | D:9      | Bought a scroll of teleportation for 42 gold pieces
  7491 | D:9      | Bought a scroll of teleportation for 42 gold pieces
  7905 | D:9      | Reached skill level 7 in Long Blades
  8000 | D:9      | Found an ancient bone altar of Kikubaaqudgha.
  8215 | D:9      | Reached skill level 5 in Fighting
  8278 | D:9      | Found a glowing silver altar of Zin.
  8309 | D:10     | Entered Level 10 of the Dungeon
  8341 | D:10     | Noticed bart's ghost (novice FoAr)
  8532 | D:11     | Noticed a hill giant
  8556 | D:11     | Killed a hill giant
  8556 | D:11     | Reached skill level 5 in Armour
  8693 | D:11     | Found a bloodstained altar of Trog.
  8794 | D:11     | Noticed a cyclops
  9288 | D:12     | Noticed a four-headed hydra
  9301 | D:12     | Killed a one-headed hydra
  9301 | D:12     | Reached XP level 11. HP: 26/88 MP: 15/22
  9624 | D:11     | Noticed Harold
  9679 | D:10     | HP: 3/88 [river rat (4)]
  9933 | D:10     | Found a staircase to the Lair.
 10072 | D:10     | Reached skill level 8 in Long Blades
 10142 | D:10     | Killed bart's ghost
 10149 | D:10     | Learned a level 5 spell: Lightning Bolt
 10502 | D:11     | Noticed Maurice
 10531 | D:11     | Killed Maurice
 10548 | D:11     | Gained mutation: You are dopey. (Int -2) [potion of mutation]
 10548 | D:11     | Gained mutation: Your body sometimes deteriorates upon taking damage. [potion of mutation]
 10548 | D:11     | Gained mutation: Armour fits poorly on your strangely shaped body. [potion of mutation]
 10549 | D:11     | Lost mutation: You are dopey. (Int -2) [potion of cure mutation]
 10549 | D:11     | Lost mutation: Your body sometimes deteriorates upon taking damage. [potion of cure mutation]
 10549 | D:11     | Lost mutation: Armour fits poorly on your strangely shaped body. [potion of cure mutation]
 10657 | D:11     | Killed an unseen horror
 10758 | D:11     | Mangled by a slime creature

Vault maps used:
D:1:      dpeg_arrival_rooms_a, serial_forest, infiniplex_forest_clump_long,
          infiniplex_forest_clump_double, infiniplex_forest_lined_corner,
          infiniplex_forest_lined_2, infiniplex_forest_zigzag_1, hex_tiny
D:2:      first_bread, uniq_iyjb
D:3:      uniq_robin
D:4:      old_standard_altar, minmay_temple_entry_crystal_x, serial_shops,
          nicolae_shop_stone, nicolae_shop_crystal, kennysheep_mini_moat, shop
D:5:      kennysheep_mini
D:6:      serial_glass, glass_columns_b, glass_columns_c, uniq_eustachio,
          uniq_edmund
D:7:      kennysheep_little_box, the_bakery
D:8:      grunt_temple_overflow_open, serial_shops, shop, uniq_psyche,
          uniq_erica, uniq_pikel
D:9:      zin_statuary, lemuel_mausoleum_altar_kikubaaqudgha, serial_shops, shop
D:10:     due_lair_maze_entry_diamond
D:11:     minmay_cut_squares, orc_0_dummy, trog_wizard, uniq_maurice,
          uniq_harold
D:12:     kennysheep_blocky_hall
Temple:   triangle_lava_temple_12

Action                   |  1- 3 |  4- 6 |  7- 9 | 10-12 || total
-------------------------+-------+-------+-------+-------++-------
Melee: Unarmed           |   115 |     3 |       |       ||   118
       Spear             |       |    36 |   105 |       ||   141
       Flail             |       |       |    35 |    16 ||    51
       Scimitar          |       |       |       |   202 ||   202
 Fire: Blowgun           |       |       |     6 |    28 ||    34
 Cast: Shock             |    80 |    81 |   198 |   258 ||   617
       Repel Missiles    |       |     1 |     2 |     3 ||     6
       Static Discharge  |       |     2 |    13 |    33 ||    48
       Swiftness         |       |     1 |       |     1 ||     2
  Use: Scroll            |       |    13 |    11 |    11 ||    35
       Potion            |       |       |       |     7 ||     7
 Stab: Sleeping          |     1 |     1 |     3 |     7 ||    12
       Distracted        |       |       |     1 |     1 ||     2
  Eat: Chunk             |     3 |     8 |    10 |     8 ||    29
       Royal jelly       |       |       |       |     3 ||     3
